 Dungeon Crawl Stone Soup version 0.31-a0-446-g07c4bd200f (webtiles) character file.

Game seed: 3663836865473745765

16 Ethylacetat the Insei (level 2, 0/16 HPs)
             Began as a Vine Stalker Monk on Aug 3, 2023.
             Slain by a gnoll
             ... wielding a +0 club
              (2 damage)
             ... on level 1 of the Dungeon.
             The game lasted 00:00:38 (282 turns).

Ethylacetat the Insei (Vine Stalker Monk)            Turns: 282, Time: 00:00:38

Health: 0/16       AC:  2    Str: 13    XL:     2   Next: 58%
Magic:  0/4        EV: 12    Int: 10    God:
Gold:   32         SH:  0    Dex: 16    Spells: 2/2 levels left

rFire   . .          .
                       - Unarmed
rCold   . . .        c - orb {light}
rNeg    . . .        a - +0 robe
rPois   .            (no helmet)
rElec   .            (no cloak)
rCorr   .            (no gloves)
SInv    .            (no boots)
Will    .....        g - amulet of magic regeneration
Stlth   +            (no ring)
HPRegen 0.22/turn    (no ring)
MPRegen 0.49/turn

%: guardian spirit
@: glowing
A: fangs 2, magic shield, antimagic bite, no potion heal 2
a: no special abilities


You were on level 1 of the Dungeon.
You visited 1 branch of the dungeon, and saw 1 of its levels.

You collected 32 gold pieces.

Inventory:

Armour
 a - a +0 robe (worn)
 c - an orb of light (worn)
Jewellery
 g - an amulet of magic regeneration (around neck)
Scrolls
 d - a scroll of blinking {unknown}
 e - a scroll of fear {unknown}
Potions
 b - a potion of ambrosia
 f - a potion of curing {unknown}


   Skills:
 + Level 3.0 Fighting
 - Level 2.4 Dodging
 + Level 3.3 Unarmed Combat
 + Level 0.9 Spellcasting


You had 2 spell levels left.
You didn't know any spells.
Your spell library was empty.

Dungeon Overview and Level Annotations

Branches:
Dungeon (1/15)

Altars:

Shops:
D:1 [


Innate Abilities, Weirdness & Mutations

You have extremely sharp teeth.
When hurt, damage is shared between your health and your magic reserves.
Your bite disrupts and absorbs the magic of your enemies.
Potions cannot restore your health.


Message History

The endoplasm is heavily wounded.
The endoplasm barely misses you.
An endoplasm is nearby!
You hit the endoplasm.
You kill the endoplasm!
Your Fighting skill increases to level 3!
No target in view!
No target in view!
No target in view!
g - an amulet of magic regeneration
There are no items here.
You start putting on your amulet.
You continue putting on your amulet of magic regeneration. x5
You finish putting on your amulet of magic regeneration.
g - an amulet of magic regeneration (around neck)
A gnoll comes into view. It is wielding a +0 club.
The gnoll shouts!
A gnoll is nearby!
A gnoll is nearby!
The gnoll hits you with a +0 club.
You hit the gnoll but do no damage. You bite the gnoll. You drain its power.
The gnoll is lightly wounded.
The gnoll barely misses you.
You hit the gnoll but do no damage. You bite the gnoll. You drain its power.
The gnoll is moderately wounded.
The gnoll hits you with a +0 club!
You hit the gnoll. You bite the gnoll, but do no damage.
The gnoll is heavily wounded.
The gnoll hits you with a +0 club!
* * * LOW HITPOINT WARNING * * *
A gnoll is nearby!
You are too injured to fight recklessly!
A gnoll is nearby!
You are too injured to fight recklessly!
You are too injured to fight recklessly!
You barely miss the gnoll. You bite the gnoll. You drain its power.
You feel invigorated.
The gnoll is severely wounded.
The gnoll hits you with a +0 club.
You die... # # # # # # ## .###################.# >...............@g...# ######################

You could see a gnoll.

Vanquished Creatures
  A dart slug (D:1)
  A ball python (D:1)
  4 endoplasms (D:1)
  4 goblins (D:1)
  2 frilled lizards (D:1)
  A rat (D:1)
13 creatures vanquished.

Notes
Turn   | Place    | Note
-------+----------+-------------------------------------------
     0 | D:1      | Ethylacetat the Vine Stalker Monk began the quest for the
                  | Orb.
     0 | D:1      | Reached XP level 1. HP: 11/11 MP: 2/2
    96 | D:1      | Reached XP level 2. HP: 11/16 MP: 3/3
   165 | D:1      | Found Xolauxol's Antique Armour Shop.
   282 | D:1      | Slain by a gnoll

Illustrated notes

Levels and vault maps discovered:
D:1:      tarquinn_simple_flora_water_a, layout_basic, serial_shops,
          nicolae_shop_dealshenge

Skill      XL: |  1  2 |
---------------+-------+-----
Fighting       | 3 |  3.0
Dodging        | |  2.4
Unarmed Combat | |  3.3
Spellcasting   | |  0.9

Action                     || total
---------------------------++-------
  Melee: Unarmed           ||    31
         Bite              ||    17
 Armour: Robe              ||     3
  Dodge: Dodged            ||    10

Table legend: (Time is in decaauts)
 A = Elapsed time spent in this place.
 B = Non-inter-level travel time spent in this place.
 C = Inter-level travel time spent in this place.
 D = Time resting spent in this place.
 E = Time spent auto-exploring this place.
 F = Levels seen in this place.
 G = Mean time per level.
                   A        B        C        D        E       F      G
               +--------+--------+--------+--------+--------+-----+--------+
         Total |    280 |    280 |      0 |      0 |    194 |   1 |  280.0 |
       Dungeon |    280 |    280 |      0 |      0 |    194 |   1 |  280.0 |
               +--------+--------+--------+--------+--------+-----+--------+

Top non-repeatable levels by time:
     D:1: 280 daAuts
